General information
- name: BNet
- type: Ladder team game (AT/RT)
- host: Battle.net
- saver: MmmWatchuSay
map: FullScaleAssault
- players: 8
- length: 46:09
- speed: Fast
- version: 1.26 W3XP
- replay type: Public
» download(303 KB)
Players
team 1 (loser)
rc_60 (
red | 50 APM | 800 actions | 16:03)
4 Archmage
2 Blizzard
2 Brilliance Aura
1 Blood Mage
1 Flame Strike
1 Paladin
1 Holy Light
» actions
| Assign group hotkey | 24 | |
| Basic commands | 1 | |
| Build / train | 49 | |
| Enter build submenu | 26 | |
| Enter hero's abilities submenu | 6 | |
| Give item / drop item | 7 | |
| Right click | 309 | |
| Select / deselect | 181 | |
| Select group hotkey | 130 | |
| Use ability | 67 | |
800 total
» units
| Peasant | 13 | |
| Footman | 8 | |
| Goblin Zeppelin | 2 | |
| Siege Engine | 3 | |
26 total
» upgrades
| Barrage | 1 | |
| Gunpowder | 1 | |
| Plating | 1 | |
3 total
» buildings
| Altar of Kings | 1 | |
| Farm | 15 | |
| Barracks | 1 | |
| Scout Tower | 1 | |
| Lumber Mill | 1 | |
| Arcane Tower | 1 | |
| Arcane Vault | 1 | |
| Keep | 1 | |
| Blacksmith | 1 | |
| Castle | 1 | |
| Workshop | 4 | |
28 total
» build order
00:14 Altar of Kings
00:19 Farm
00:30 Barracks
01:30 Farm
01:40 Scout Tower
01:47 Lumber Mill
02:10 Farm
02:34 Arcane Tower
02:52 Farm
03:30 Arcane Vault
03:34 Farm
04:26 Farm
05:29 Farm
06:53 Keep
09:03 Blacksmith
09:16 Castle
10:19 Workshop
10:22 Workshop
10:23 Workshop
10:25 Workshop
11:49 Farm
11:50 Farm
11:50 Farm
11:52 Farm
12:44 Farm
12:45 Farm
12:45 Farm
12:46 Farm
» items
| Scroll of Regeneration | 4 | |
| Lesser Clarity Potion | 3 | |
| Scroll of Town Portal | 1 | |
8 total
YitaoZhu (
teal | 132 APM | 5397 actions | 40:59)
7 Archmage
3 Summon Water Elemental
3 Brilliance Aura
1 Blizzard
5 Mountain King
3 Storm Bolt
2 Bash
3 Blood Mage
1 Flame Strike
2 Siphon Mana
1 Paladin
1 Divine Shield
» actions
| Assign group hotkey | 239 | |
| Basic commands | 469 | |
| Build / train | 148 | |
| ESC pressed | 18 | |
| Enter build submenu | 60 | |
| Enter hero's abilities submenu | 16 | |
| Give item / drop item | 5 | |
| Right click | 1544 | |
| Select / deselect | 623 | |
| Select group hotkey | 2041 | |
| Use ability | 234 | |
5397 total
» units
| Peasant | 20 | |
| Footman | 4 | |
| Gryphon Rider | 10 | |
| Dragonhawk Rider | 5 | |
| Flying Machine | 22 | |
61 total
» upgrades
| Defend | 1 | |
| Masonry | 1 | |
| Lumber Harvesting | 2 | |
| Storm Hammers | 1 | |
| Animal War Training | 1 | |
| Armor | 1 | |
| Flak Cannons | 1 | |
| Gunpowder | 2 | |
| Flying Machine Bombs | 1 | |
11 total
» buildings
| Farm | 19 | |
| Altar of Kings | 1 | |
| Barracks | 1 | |
| Scout Tower | 21 | |
| Arcane Tower | 1 | |
| Lumber Mill | 2 | |
| Town Hall | 3 | |
| Keep | 4 | |
| Arcane Vault | 1 | |
| Blacksmith | 2 | |
| Castle | 1 | |
| Gryphon Aviary | 4 | |
| Guard Tower | 19 | |
| Workshop | 5 | |
84 total
» build order
00:09 Farm
00:10 Altar of Kings
00:15 Barracks
00:20 Farm
01:01 Farm
01:39 Scout Tower
02:25 Farm
02:27 Arcane Tower
03:19 Lumber Mill
03:35 Farm
04:08 Town Hall
04:30 Keep
04:30 Keep
05:09 Arcane Vault
05:12 Lumber Mill
06:20 Blacksmith
06:54 Castle
07:31 Gryphon Aviary
07:32 Gryphon Aviary
08:16 Gryphon Aviary
08:56 Gryphon Aviary
09:01 Farm
10:02 Farm
10:41 Farm
10:43 Farm
10:44 Farm
10:46 Farm
12:26 Scout Tower
12:26 Scout Tower
12:27 Scout Tower
12:28 Scout Tower
12:31 Scout Tower
12:59 Guard Tower
12:59 Guard Tower
14:24 Guard Tower
14:24 Guard Tower
15:57 Blacksmith
17:06 Town Hall
17:07 Town Hall
17:32 Scout Tower
17:32 Scout Tower
17:33 Scout Tower
19:08 Workshop
19:10 Workshop
19:14 Workshop
19:21 Workshop
19:28 Workshop
20:40 Farm
20:43 Farm
20:43 Farm
20:47 Farm
26:22 Scout Tower
26:22 Scout Tower
26:23 Scout Tower
26:23 Scout Tower
26:23 Scout Tower
27:15 Guard Tower
27:15 Guard Tower
27:17 Scout Tower
27:18 Scout Tower
27:18 Scout Tower
27:18 Scout Tower
27:19 Scout Tower
27:42 Scout Tower
27:44 Guard Tower
27:44 Guard Tower
27:45 Guard Tower
27:46 Guard Tower
27:46 Guard Tower
28:00 Guard Tower
28:00 Guard Tower
28:01 Guard Tower
28:19 Guard Tower
28:19 Guard Tower
36:34 Farm
36:37 Farm
36:37 Farm
36:46 Farm
39:10 Keep
» items
| Scroll of Regeneration | 5 | |
| Boots of Speed | 1 | |
| Potion of Healing | 6 | |
| Scroll of Town Portal | 3 | |
| Staff of Sanctuary | 2 | |
| Potion of Lesser Invulnerability | 1 | |
| Tome of Retraining | 2 | |
20 total
MmmWatchuSay (
pink | 47 APM | 2172 actions | 46:09)
8 Archmage
3 Summon Water Elemental
3 Brilliance Aura
1 Mass Teleport
1 Blizzard
» actions
| Assign group hotkey | 102 | |
| Basic commands | 84 | |
| Build / train | 96 | |
| Enter build submenu | 58 | |
| Enter hero's abilities submenu | 8 | |
| Give item / drop item | 4 | |
| Right click | 765 | |
| Select / deselect | 485 | |
| Select group hotkey | 339 | |
| Use ability | 231 | |
2172 total
» units
| Peasant | 17 | |
| Footman | 4 | |
| Goblin Shredder | 5 | |
| Goblin Zeppelin | 5 | |
| Gryphon Rider | 8 | |
| Goblin Sapper | 3 | |
| Blue Dragon | 4 | |
| Dragonhawk Rider | 2 | |
48 total
» upgrades
| Masonry | 3 | |
| Storm Hammers | 1 | |
| Animal War Training | 1 | |
| Swords | 3 | |
| Armor | 4 | |
| Cloud | 2 | |
14 total
» buildings
| Altar of Kings | 2 | |
| Barracks | 1 | |
| Farm | 14 | |
| Arcane Vault | 2 | |
| Keep | 3 | |
| Town Hall | 5 | |
| Lumber Mill | 2 | |
| Castle | 2 | |
| Scout Tower | 42 | |
| Guard Tower | 8 | |
| Gryphon Aviary | 4 | |
| Blacksmith | 2 | |
87 total
» build order
00:39 Altar of Kings
00:41 Barracks
00:51 Farm
00:54 Farm
01:05 Farm
01:35 Farm
02:47 Arcane Vault
03:48 Keep
04:03 Town Hall
04:22 Farm
05:31 Lumber Mill
06:23 Castle
07:24 Scout Tower
07:24 Scout Tower
07:24 Scout Tower
07:25 Scout Tower
07:26 Scout Tower
07:26 Scout Tower
07:27 Scout Tower
07:28 Scout Tower
08:29 Guard Tower
08:54 Town Hall
09:01 Gryphon Aviary
09:02 Gryphon Aviary
09:03 Gryphon Aviary
09:04 Gryphon Aviary
09:08 Blacksmith
09:11 Blacksmith
10:14 Guard Tower
11:04 Lumber Mill
12:49 Scout Tower
12:51 Scout Tower
12:51 Scout Tower
12:51 Scout Tower
12:52 Scout Tower
12:53 Scout Tower
12:53 Scout Tower
12:54 Scout Tower
12:55 Scout Tower
15:25 Guard Tower
15:58 Scout Tower
15:59 Scout Tower
16:00 Scout Tower
16:01 Scout Tower
16:02 Scout Tower
16:03 Scout Tower
16:04 Scout Tower
16:04 Scout Tower
16:05 Scout Tower
16:05 Scout Tower
16:45 Guard Tower
18:59 Guard Tower
22:36 Farm
22:37 Farm
22:37 Farm
24:44 Arcane Vault
26:57 Scout Tower
26:58 Scout Tower
26:58 Scout Tower
27:36 Town Hall
27:38 Guard Tower
28:17 Keep
28:20 Farm
28:21 Farm
28:21 Farm
28:22 Farm
28:24 Farm
28:24 Farm
28:29 Scout Tower
28:30 Scout Tower
28:31 Scout Tower
28:31 Scout Tower
28:31 Scout Tower
28:32 Scout Tower
28:36 Scout Tower
28:37 Scout Tower
28:38 Scout Tower
28:38 Scout Tower
28:39 Scout Tower
28:40 Scout Tower
29:03 Guard Tower
31:03 Keep
31:04 Guard Tower
36:20 Town Hall
37:57 Altar of Kings
38:18 Castle
39:05 Town Hall
» items
| Mechanical Critter | 2 | |
| Staff of Teleportation | 1 | |
| Periapt of Vitality | 1 | |
| Potion of Lesser Invulnerability | 2 | |
| Scroll of Town Portal | 3 | |
| Potion of Healing | 1 | |
| Scroll of Regeneration | 2 | |
12 total
hempmeh (
blue | 38 APM | 1496 actions | 39:30)
3 Keeper of the Grove
1 Entangling Roots
2 Thorns Aura
3 Priestess of the Moon
2 Searing Arrows
1 Trueshot Aura
2 Demon Hunter
1 Evasion
1 Immolation
1 Archmage
1 Brilliance Aura
» actions
| Assign group hotkey | 52 | |
| Basic commands | 92 | |
| Build / train | 124 | |
| Enter build submenu | 24 | |
| Enter hero's abilities submenu | 8 | |
| Give item / drop item | 3 | |
| Remove unit from queue | 3 | |
| Right click | 645 | |
| Select / deselect | 371 | |
| Select group hotkey | 99 | |
| Use ability | 75 | |
1496 total
» units
| Wisp | 28 | |
| Archer | 3 | |
| Huntress | 4 | |
| Dryad | 6 | |
| Druid of the Claw | 1 | |
| Hippogryph | 12 | |
| Siege Engine | 5 | |
| Rifleman | 3 | |
| Mortar Team | 3 | |
| Peasant | 3 | |
68 total
» upgrades
| Strength of the Moon | 3 | |
| Moon Armor | 3 | |
| Strength of the Wild | 3 | |
| Reinforced Hides | 3 | |
| Abolish Magic | 1 | |
| Druid of the Claw Training | 2 | |
| Sentinel | 1 | |
| Upgrade Moon Glaive | 1 | |
| Long Rifles | 1 | |
| Swords | 1 | |
| Plating | 1 | |
| Armor | 1 | |
| Fragmentation Shards | 1 | |
22 total
» buildings
| Altar of Elders | 1 | |
| Moon Well | 9 | |
| Ancient of War | 2 | |
| Tree of Ages | 1 | |
| Hunter's Hall | 1 | |
| Ancient of Wonders | 1 | |
| Ancient of Lore | 2 | |
| Tree of Life | 5 | |
| Tree of Eternity | 1 | |
| Ancient of Wind | 3 | |
| Town Hall | 1 | |
| Arcane Vault | 1 | |
| Farm | 1 | |
| Lumber Mill | 1 | |
30 total
» build order
00:10 Altar of Elders
00:15 Moon Well
00:24 Ancient of War
01:33 Moon Well
02:01 Ancient of War
04:32 Tree of Ages
04:38 Hunter's Hall
04:45 Ancient of Wonders
04:49 Moon Well
04:50 Moon Well
07:03 Ancient of Lore
07:11 Ancient of Lore
07:43 Tree of Life
09:54 Tree of Eternity
13:10 Ancient of Wind
13:11 Ancient of Wind
14:09 Moon Well
14:13 Moon Well
14:14 Moon Well
16:13 Ancient of Wind
25:37 Moon Well
25:38 Moon Well
30:39 Tree of Life
31:31 Tree of Life
33:29 Town Hall
33:38 Arcane Vault
33:43 Farm
35:19 Lumber Mill
38:59 Tree of Life
39:05 Tree of Life
» items
| Scroll of Town Portal | 7 | |
| Scroll of Regeneration | 1 | |
| Lesser Clarity Potion | 1 | |
| Potion of Healing | 1 | |
| Boots of Speed | 1 | |
| Potion of Lesser Invulnerability | 1 | |
12 total
team 2 (winner)

»
the_retarded (
green | 88 APM | 3744 actions | 42:27)
7 Death Knight
3 Death Coil
3 Unholy Aura
1 Animate Dead
3 Lich
2 Frost Nova
1 Dark Ritual
5 Dark Ranger
3 Silence
2 Life Drain
» actions
| Assign group hotkey | 329 | |
| Basic commands | 212 | |
| Build / train | 74 | |
| ESC pressed | 1 | |
| Enter build submenu | 28 | |
| Enter hero's abilities submenu | 16 | |
| Give item / drop item | 3 | |
| Right click | 1309 | |
| Select / deselect | 341 | |
| Select group hotkey | 1293 | |
| Use ability | 138 | |
3744 total
» units
| Acolyte | 2 | |
| Ghoul | 1 | |
| Crypt Fiend | 6 | |
| Goblin Shredder | 4 | |
| Frost Wyrm | 6 | |
19 total
» upgrades
| Creature Attack | 3 | |
| Creature Carapace | 2 | |
| Web | 1 | |
| Burrow | 1 | |
| Freezing Breath | 1 | |
8 total
» buildings
| Graveyard | 2 | |
| Crypt | 1 | |
| Altar of Darkness | 2 | |
| Ziggurat | 10 | |
| Tomb of Relics | 1 | |
| Nerubian Tower | 4 | |
| Halls of the Dead | 2 | |
| Black Citadel | 2 | |
| Sacrificial Pit | 1 | |
| Boneyard | 2 | |
| Spirit Tower | 2 | |
29 total
» build order
00:41 Graveyard
00:46 Graveyard
00:50 Crypt
00:55 Altar of Darkness
01:04 Ziggurat
01:32 Tomb of Relics
02:23 Ziggurat
03:14 Nerubian Tower
03:14 Nerubian Tower
03:14 Nerubian Tower
03:15 Nerubian Tower
04:05 Ziggurat
05:20 Halls of the Dead
06:24 Ziggurat
07:05 Ziggurat
07:44 Black Citadel
07:44 Black Citadel
07:47 Sacrificial Pit
08:44 Ziggurat
09:57 Ziggurat
10:09 Boneyard
10:10 Boneyard
23:41 Ziggurat
23:43 Ziggurat
23:44 Ziggurat
25:10 Altar of Darkness
25:45 Spirit Tower
25:47 Spirit Tower
» items
| Rod of Necromancy | 1 | |
| Lesser Clarity Potion | 1 | |
| Healing Salve | 1 | |
| Scroll of Town Portal | 3 | |
| Orb of Corruption | 6 | |
12 total
toe21 (
orange | 95 APM | 3552 actions | 37:27)
6 Goblin Tinker
3 Pocket Factory
2 Engineering Upgrade
1 Robo-Goblin
5 Pandaren Brewmaster
1 Drunken Brawler
1 Drunken Haze
3 Breath of Fire
4 Dark Ranger
2 Black Arrow
2 Life Drain
» actions
| Assign group hotkey | 41 | |
| Basic commands | 34 | |
| Build / train | 125 | |
| Enter build submenu | 22 | |
| Enter hero's abilities submenu | 15 | |
| Give item / drop item | 1 | |
| Remove unit from queue | 5 | |
| Right click | 846 | |
| Select / deselect | 364 | |
| Select group hotkey | 2034 | |
| Use ability | 65 | |
3552 total
» units
| Wisp | 39 | |
| Archer | 9 | |
| Goblin Zeppelin | 3 | |
| Hippogryph | 39 | |
| Chimaera | 2 | |
92 total
» upgrades
| Improved Bows | 1 | |
| Strength of the Wild | 2 | |
| Reinforced Hides | 2 | |
| Corrosive Breath | 1 | |
6 total
» buildings
| Moon Well | 10 | |
| Altar of Elders | 1 | |
| Ancient of War | 1 | |
| Tree of Ages | 1 | |
| Tree of Life | 6 | |
| Tree of Eternity | 1 | |
| Ancient of Wind | 2 | |
| Chimaera Roost | 2 | |
| Hunter's Hall | 1 | |
| Ancient of Wonders | 1 | |
26 total
» build order
00:21 Moon Well
00:58 Altar of Elders
01:11 Ancient of War
01:26 Moon Well
01:50 Moon Well
02:58 Tree of Ages
03:46 Moon Well
05:18 Tree of Life
05:22 Tree of Eternity
06:07 Moon Well
06:15 Ancient of Wind
06:30 Ancient of Wind
08:58 Chimaera Roost
08:59 Chimaera Roost
09:12 Tree of Life
10:17 Hunter's Hall
10:21 Ancient of Wonders
11:21 Tree of Life
13:02 Moon Well
13:44 Moon Well
13:44 Moon Well
15:24 Tree of Life
15:40 Moon Well
15:41 Moon Well
21:09 Tree of Life
23:34 Tree of Life
» items
| Scroll of Town Portal | 3 | |
| Orb of Venom | 1 | |
4 total
DIG-4-DIAMONDS (
yellow | 55 APM | 2547 actions | 46:09)
8 Goblin Tinker
3 Pocket Factory
3 Engineering Upgrade
1 Robo-Goblin
1 Cluster Rockets
» actions
| Assign group hotkey | 53 | |
| Basic commands | 96 | |
| Build / train | 90 | |
| Enter build submenu | 41 | |
| Enter hero's abilities submenu | 8 | |
| Give item / drop item | 3 | |
| Right click | 975 | |
| Select / deselect | 397 | |
| Select group hotkey | 704 | |
| Use ability | 180 | |
2547 total
» units
| Peon | 16 | |
| Goblin Shredder | 10 | |
| Wind Rider | 8 | |
| Goblin Zeppelin | 2 | |
| Goblin Sapper | 2 | |
| Troll Batrider | 22 | |
60 total
» upgrades
| Reinforced Defenses | 1 | |
| Envenomed Spears | 1 | |
| Ranged Weapons | 2 | |
| Armor | 2 | |
6 total
» buildings
| Altar of Storms | 1 | |
| Orc Burrow | 16 | |
| War Mill | 2 | |
| Stronghold | 2 | |
| Watch Tower | 51 | |
| Voodoo Lounge | 2 | |
| Beastiary | 8 | |
| Fortress | 2 | |
| Great Hall | 2 | |
86 total
» build order
00:08 Altar of Storms
00:19 Orc Burrow
00:40 War Mill
02:31 Stronghold
02:43 Watch Tower
02:43 Watch Tower
02:44 Watch Tower
02:48 Watch Tower
03:04 Orc Burrow
03:17 Voodoo Lounge
03:45 Orc Burrow
03:50 Orc Burrow
05:20 Beastiary
05:21 Beastiary
05:55 Fortress
06:59 Orc Burrow
10:58 Watch Tower
10:58 Watch Tower
10:59 Watch Tower
10:59 Watch Tower
11:07 Watch Tower
11:32 Beastiary
12:11 Watch Tower
12:11 Watch Tower
12:11 Watch Tower
12:13 Watch Tower
12:44 Watch Tower
12:44 Watch Tower
12:44 Watch Tower
12:45 Watch Tower
12:45 Watch Tower
12:46 Watch Tower
15:35 Watch Tower
15:35 Watch Tower
15:36 Watch Tower
15:36 Watch Tower
15:37 Watch Tower
15:55 Orc Burrow
15:55 Orc Burrow
15:56 Orc Burrow
16:50 Great Hall
16:53 Watch Tower
16:53 Watch Tower
16:54 Watch Tower
16:54 Watch Tower
18:10 Watch Tower
18:10 Watch Tower
18:11 Watch Tower
18:56 Beastiary
19:53 Beastiary
22:30 Watch Tower
22:30 Watch Tower
22:31 Watch Tower
22:31 Watch Tower
22:32 Watch Tower
22:32 Watch Tower
22:32 Watch Tower
23:11 Stronghold
25:36 Fortress
27:07 Great Hall
27:10 Watch Tower
27:10 Watch Tower
27:11 Watch Tower
28:05 Watch Tower
28:06 Watch Tower
28:07 Watch Tower
28:08 Watch Tower
28:08 Watch Tower
30:08 War Mill
30:29 Voodoo Lounge
30:35 Beastiary
31:35 Orc Burrow
31:35 Orc Burrow
31:36 Orc Burrow
32:05 Beastiary
32:25 Orc Burrow
32:28 Orc Burrow
32:55 Beastiary
33:03 Orc Burrow
33:04 Orc Burrow
33:09 Orc Burrow
36:23 Watch Tower
36:23 Watch Tower
36:23 Watch Tower
36:24 Watch Tower
36:26 Watch Tower
» items
| Healing Salve | 1 | |
| Staff of Teleportation | 1 | |
| Tiny Great Hall | 1 | |
| Scroll of Town Portal | 2 | |
| Orb of Lightning | 1 | |
| Potion of Lesser Invulnerability | 1 | |
7 total

»
jordan.0091 (
purple | 18 APM | 829 actions | 45:40)
4 Priestess of the Moon
2 Searing Arrows
2 Trueshot Aura
2 Demon Hunter
1 Immolation
1 Evasion
» actions
| Basic commands | 39 | |
| Build / train | 80 | |
| Enter build submenu | 25 | |
| Enter hero's abilities submenu | 6 | |
| Give item / drop item | 1 | |
| Remove unit from queue | 4 | |
| Right click | 282 | |
| Select / deselect | 360 | |
| Use ability | 32 | |
829 total
» units
| Wisp | 23 | |
| Archer | 2 | |
| Huntress | 8 | |
| Chimaera | 8 | |
| Hippogryph | 14 | |
| Blue Dragon Whelp | 1 | |
56 total
» upgrades
| Strength of the Moon | 1 | |
| Reinforced Hides | 3 | |
| Strength of the Wild | 3 | |
| Corrosive Breath | 1 | |
8 total
» buildings
| Altar of Elders | 1 | |
| Moon Well | 8 | |
| Ancient of War | 1 | |
| Hunter's Hall | 1 | |
| Tree of Ages | 1 | |
| Ancient of Wind | 1 | |
| Tree of Eternity | 1 | |
| Chimaera Roost | 2 | |
| Tree of Life | 5 | |
| Ancient of Wonders | 2 | |
23 total
» build order
00:10 Altar of Elders
00:14 Moon Well
00:33 Ancient of War
02:22 Hunter's Hall
02:42 Moon Well
03:59 Tree of Ages
04:48 Moon Well
06:36 Ancient of Wind
07:20 Tree of Eternity
09:06 Moon Well
09:52 Chimaera Roost
10:31 Chimaera Roost
10:37 Tree of Life
13:04 Moon Well
13:24 Moon Well
14:03 Ancient of Wonders
15:30 Ancient of Wonders
17:37 Moon Well
17:38 Moon Well
24:40 Tree of Life
33:45 Tree of Life
36:39 Tree of Life
38:25 Tree of Life
» items
| Circlet of Nobility | 1 | |
| Periapt of Vitality | 1 | |
2 total
Chat log
(00:33 / Allies) rc_60: what up
(00:35 / Allies) rc_60: tanks here
(01:09 / All) DIG-4-DIAMONDS: what is everyone's favorite ice cream? mine is cookie dough
(01:38 / All) DIG-4-DIAMONDS: well FU then
(01:54 / All) MmmWatchuSay: Ice cream is just a communist plot to destroy American's teeth and health
(02:00 / Allies) YitaoZhu: red
(03:19 / Allies) MmmWatchuSay: no
(03:19 / Allies) MmmWatchuSay: no
(03:20 / Allies) MmmWatchuSay: no
(03:26 / Allies) MmmWatchuSay: don't blue
(05:12 / Allies) hempmeh: clean
(06:40 / Allies) YitaoZhu: ok
(07:37 / Allies) YitaoZhu: k
(08:18 / Allies) rc_60: tanks here btw
(09:09 / Allies) rc_60: units all?
(09:40 / Allies) hempmeh: b
(12:17 / Allies) MmmWatchuSay: his heroes survived we both targeted different one lol
(14:28 / Allies) rc_60: i got
(14:35 / Allies) hempmeh: atack
(14:45 / Allies) hempmeh: 1
(15:06 / Allies) YitaoZhu: WAIT
(16:12 / Allies) YitaoZhu: tp
(16:18 / Allies) MmmWatchuSay: justa as I was upping towers
(16:41 / Allies) MmmWatchuSay: here's red's shit
(16:42 / Allies) hempmeh: teal center
(21:00 / Allies) MmmWatchuSay: Teal you got red?
(23:41 / Allies) hempmeh: meet
(24:39 / All) MmmWatchuSay: Want me to go 100/100 food orange?
(24:40 / Allies) YitaoZhu: pink
(24:42 / Allies) YitaoZhu: meet
(31:17 / Allies) MmmWatchuSay: thanks for the help on my base
(31:18 / Allies) MmmWatchuSay: faggots
(31:57 / Allies) MmmWatchuSay: I bet you tp when they attack anything of yours teal
(32:04 / Allies) MmmWatchuSay: fucking chink
(36:23 / Allies) hempmeh: meet
(36:27 / Allies) MmmWatchuSay: lumbeR?
(37:59 / Allies) YitaoZhu: i see
(38:08 / All) jordan.0091: can i get gold and lumber yello
(38:35 / Allies) hempmeh: atack
(39:16 / Allies) hempmeh: ahop
(39:19 / Allies) YitaoZhu: ...
(39:22 / All) DIG-4-DIAMONDS: die china man
(39:24 / Allies) hempmeh: shop
(41:57 / All) the_retarded: lol
(42:02 / All) MmmWatchuSay: Worked out pretty nicely
(42:06 / All) the_retarded: u got 5 vs 3
(42:11 / All) DIG-4-DIAMONDS: lol
(42:15 / All) the_retarded: u lucky
(42:22 / All) the_retarded: gg
(43:26 / All) DIG-4-DIAMONDS: no purple i dont
(44:17 / All) jordan.0091: yellows killing himself
(44:23 / All) jordan.0091: has 8k gold
(44:28 / All) MmmWatchuSay: you don't say
(44:41 / All) jordan.0091: and i hid trees from you
(44:51 / All) DIG-4-DIAMONDS: oj was a pain in the ass
(44:53 / All) jordan.0091: but he will kill em
(44:56 / All) MmmWatchuSay: I'm confident we would have lost the base trade
(44:59 / All) DIG-4-DIAMONDS: cuz he tried to island expo ur side
(45:00 / All) MmmWatchuSay: if this was a legit game
(45:03 / All) MmmWatchuSay: my team was dumb
(45:46 / All) MmmWatchuSay: who do yo uwant to lose
(45:54 / All) DIG-4-DIAMONDS: i do not care probably green
(45:55 / All) MmmWatchuSay: teal's an idiot chink
(46:00 / All) MmmWatchuSay: I think he deserves a loss
(46:05 / All) DIG-4-DIAMONDS: ok
(46:08 / All) MmmWatchuSay: Nah teal's an idiot chink